 Dungeon Crawl Stone Soup version 0.21-a0-496-g696f58f (webtiles) character file.

5372 kae the Carver (level 10, -2/91 HPs)
             Began as a Minotaur Fighter on Nov 23, 2017.
             Was a Follower of Ru.
             Slain by an unseen horror (9 damage)
             ... on level 9 of the Dungeon.
             The game lasted 00:11:04 (8108 turns).

kae the Carver (Minotaur Fighter)                   Turns: 8108, Time: 00:11:05

Health: -2/91      AC:  9    Str: 21    XL:     10   Next: 39%
Magic:  9/9        EV: 14    Int:  7    God:    Ru [*.....]
Gold:   53         SH: 10    Dex: 24    Spells: 9/9 levels left

rFire    . . .     SeeInvis .   a - +1 long sword
rCold    . . .     Gourm    +   c - +0 shield
rNeg     + . .     Faith    .   b - +1 scale mail
rPois    .         Spirit   .   (helmet restricted)
rElec    .         Reflect  .   (no cloak)
rCorr    .         Harm     .   (no gloves)
MR       .....                  (no boots)
Stlth    ++........             t - amulet "Ulipaene" {Gourm Dex+5}
HPRegen  0.25/turn              s - ring of positive energy
MPRegen  0.11/turn              w - +3 ring of dexterity

@: agile, lethally poisoned (-2 -> -3)
A: retaliatory headbutt, horns 2, reduced EV 1
a: Sacrifice Nimbleness, Sacrifice a Hand, Sacrifice Experience, Reject
Sacrifices, Renounce Religion


You were on level 9 of the Dungeon.
You worshipped Ru.
Ru was aware of your devotion.
You were full.

You visited 2 branches of the dungeon, and saw 10 of its levels.

You collected 206 gold pieces.
You spent 153 gold pieces at shops.

Inventory:

Hand Weapons
 a - a +1 long sword (weapon)
Missiles
 i - a throwing net (quivered)
Armour
 b - a +1 scale mail (worn)
 c - a +0 shield (worn)
Jewellery
 o - an uncursed amulet of faith
 q - an uncursed ring of fire
 s - a ring of positive energy (left hand)
 t - the amulet "Ulipaene" (around neck) {Gourm Dex+5}
   (You bought it in a shop on level 6 of the Dungeon)

   [amulet of the gourmand]

   It allows you to eat raw meat even when not hungry.
   It affects your dexterity (+5).
 w - a +3 ring of dexterity (right hand)
Wands
 y - a wand of flame (12)
 A - a wand of paralysis (13)
Scrolls
 h - a scroll of fear
 j - 2 scrolls of remove curse
 z - a scroll of identify
Potions
 d - a potion of flight
 m - a potion of ambrosia
 x - a potion of brilliance
Books
 l - a book of Cantrips

   Spells                             Type                      Level
   a - Confusing Touch                Hexes                        1
   b - Animate Skeleton               Necromancy                   1
   c - Summon Small Mammal            Summoning                    1
   d - Apportation                    Translocation                1
Comestibles
 f - 9 bread rations
 g - 14 royal jellies
 n - 4 fruits
 p - 4 meat rations


   Skills:
 + Level 9.1 Fighting
 * Level 11.7 Long Blades
 + Level 9.1 Armour
 + Level 7.5 Dodging
 - Level 3.6 Shields


You had 9 spell levels left.
You didn't know any spells.

Dungeon Overview and Level Annotations

Branches:
Dungeon (9/15)             Temple (1/1) D:5            Lair (0/6) D:9
    Orc: D:9-12

Altars:
Ashenzari
Cheibriados
Dithmenos
Elyvilon
Fedhas
Gozag
Kikubaaqudgha
Makhleb
Nemelex Xobeh
Okawaru
Qazlal
Ru
Sif Muna
Trog
Uskayaw
Wu Jian
Xom
Yredelemnul
Zin
The Shining One

Shops:
D:6 *   D:7 *   D:8 }[?*


Innate Abilities, Weirdness & Mutations

You reflexively headbutt those who attack you in melee.
You have a pair of horns on your head.
You have somewhat slow reflexes. (EV -5)


Message History

You see here a killer bee corpse.
You block something's attack. Something barely misses you.
You feel sick. Something hits you.
* * * LOW HITPOINT WARNING * * *
Something hits you but does no damage. x2
You feel sick. Something hits you!
* * * LOW HITPOINT WARNING * * *
There is an open door here.
Something hits you but does no damage.
You drop a wand of polymorph (19).
Something hits you!
* * * LOW HITPOINT WARNING * * *
Drop what? 22/52 slots (_ for help) (? for menu, Esc to quit)
Okay, then.
Unknown command.
Something is blocking the doorway!
Something barely misses you.
You slash something! Your headbutt misses something.
You feel sick. Something hits you but does no damage.
Something completely misses you. Something hits you!
You die...

...........# ....≈≈≈≈...##
...........###+..≈§§≈.≈....
#####......§§.≈§§≈.≈§....
#..††.........≈≈.>.§§....
#...#.........§≈§.≈§§....
#...#.........≈≈≈§§§§....
#...#..........§§≈≈......
##..#....................
##..####@###.............
#......./..#.............
#....†.....#.............
#..........#.............
##..##.##..#.......######
#+##..##.#######.....#
.........'.....#.....#
.........#.....#.....#
.........#.....#.....#


There were no monsters in sight!

Vanquished Creatures
  A two-headed ogre (D:8)
  A hippogriff (D:9)
  Sigmund (D:5)
  2 hogs (D:7)
  A human (D:7)
  A yak (D:7)
  Edmund (D:5)
  2 hell hounds (D:9)
  An ice beast (D:5)
  A phantom (D:4)
  A sky beast (D:7)
  2 black bears
  6 ogres
  2 centaurs
  4 bullfrogs
  2 gnoll sergeants
  4 wights (D:8)
  4 killer bees (D:9)
  2 scorpions
  A howler monkey (D:7)
  3 crimson imps
  A quasit (D:8)
  11 orc priests
  A jelly (D:6)
  A centaur skeleton (D:7)
  4 hounds
  9 orc wizards
  5 iguanas
  4 worker ants
  A hound zombie (D:5)
  A hound skeleton (D:5)
  A howler monkey zombie (D:7)
  6 gnolls
  A howler monkey skeleton (D:6)
  9 adders
  A shadow imp (D:8)
  An ooze (D:4)
  A dart slug (D:1)
  7 leopard geckos
  30 orcs
  11 bats
  3 giant cockroaches
  8 goblins
  7 hobgoblins
  11 jackals
  5 kobolds
  3 quokkas
  2 ball pythons
  8 frilled lizards
  A jackal skeleton (D:6)
  A leopard gecko zombie (D:7)
  2 quokka skeletons
  8 rats
208 creatures vanquished.

Vanquished Creatures (others)
  A hog (D:7)
1 creature vanquished.

Grand Total: 209 creatures vanquished

Notes
Turn   | Place    | Note
-------+----------+-------------------------------------------
     0 | D:1      | kae the Minotaur Fighter began the quest for the Orb.
     0 | D:1      | Reached XP level 1. HP: 19/19 MP: 0/0
   176 | D:1      | Reached XP level 2. HP: 23/27 MP: 1/1
   302 | D:1      | Reached skill level 3 in Long Blades
   496 | D:1      | Reached skill level 1 in Dodging
   670 | D:2      | Reached XP level 3. HP: 31/33 MP: 2/2
   864 | D:2      | Found a stormy altar of Qazlal.
  1477 | D:3      | Reached skill level 4 in Long Blades
  1477 | D:3      | Reached XP level 4. HP: 9/40 MP: 3/3
  2539 | D:4      | Noticed a phantom
  2582 | D:4      | Killed a phantom
  2582 | D:4      | Reached XP level 5. HP: 15/47 MP: 4/4
  2767 | D:4      | Noticed an ogre
  2772 | D:4      | Killed an ogre
  2772 | D:4      | Reached skill level 5 in Long Blades
  2772 | D:4      | Reached skill level 5 in Armour
  2772 | D:4      | Reached XP level 6. HP: 50/55 MP: 5/5
  3255 | D:4      | Reached skill level 5 in Fighting
  3614 | D:5      | Entered Level 5 of the Dungeon
  3618 | D:5      | Noticed an ice beast
  3628 | D:5      | Killed an ice beast
  3628 | D:5      | Reached skill level 6 in Long Blades
  3628 | D:5      | Reached XP level 7. HP: 61/61 MP: 6/6
  3629 | D:5      | Found a staircase to the Ecumenical Temple.
  3639 | D:5      | Noticed Edmund
  3660 | D:5      | Killed Edmund
  3676 | Temple   | Entered the Ecumenical Temple
  3946 | Temple   | Became a worshipper of Ru the Awakened
  4007 | D:5      | Reached skill level 7 in Long Blades
  4016 | D:5      | Found a white marble altar of Elyvilon.
  4064 | D:5      | Reached XP level 8. HP: 15/70 MP: 7/7
  4340 | D:5      | Found an iron altar of Okawaru.
  4340 | D:5      | Noticed Sigmund
  4353 | D:5      | Killed Sigmund
  4777 | D:6      | Reached skill level 8 in Long Blades
  4940 | D:6      | Reached skill level 5 in Dodging
  5324 | D:6      | Found Hiuf's Assorted Antiques.
  5332 | D:6      | Bought a crude silver amulet for 105 gold pieces
  5332 | D:6      | Bought a white potion for 18 gold pieces
  5337 | D:6      | Identified the amulet "Ulipaene" {Gourm Dex+5} (You bought it in a shop on level 6 of the Dungeon)
  5367 | D:6      | Found an opulent altar of Gozag.
  5380 | D:6      | Gained mutation: You have somewhat slow reflexes. (EV -5) [Ru sacrifice]
  5380 | D:6      | Reached * piety under Ru
  5649 | D:7      | Reached skill level 9 in Long Blades
  5733 | D:7      | Reached XP level 9. HP: 34/79 MP: 8/8
  6092 | D:7      | Reached skill level 10 in Long Blades
  6191 | D:7      | Found Tyidilan's Island Escapes.
  6252 | D:7      | Found a flagged portal.
  6697 | D:8      | Found Afaxt's Magic Scroll Boutique.
  6730 | D:8      | Bought a scroll of identify for 30 gold pieces
  6749 | D:8      | Found Eqautow's General Store.
  6777 | D:8      | Found Vige's Antique Armour Emporium.
  6833 | D:8      | Found Ithraatwo's Gadget Emporium.
  6835 | D:8      | Noticed a two-headed ogre
  6853 | D:8      | Killed a two-headed ogre
  6853 | D:8      | Reached skill level 11 in Long Blades
  6853 | D:8      | Reached XP level 10. HP: 89/90 MP: 9/9
  7054 | D:8      | Found a shadowy altar of Dithmenos.
  7742 | D:9      | Found a staircase to the Lair.
  8108 | D:9      | Slain by an unseen horror

Vault maps used:
D:1:      matt_arrival_diagonals
D:2:      lemuel_round_altar, serial_forest, infiniplex_forest_clump_small,
          infiniplex_forest_clump_double, infiniplex_forest_lined_corner,
          infiniplex_forest_lined_1, infiniplex_forest_lined_3,
          infiniplex_forest_clump_diagonal, infiniplex_forest_corner_1,
          minmay_hedge_maze, minmay_misc_feat_rows
D:4:      first_bread
D:5:      kennysheep_little_box, okawaru_metal_pillars_1_2,
          minmay_temple_entry_trees, uniq_sigmund, uniq_edmund
D:6:      old_standard_altar, serial_shops, shop
D:7:      enter_bailey_7, grunt_livestock, nicolae_island_escapes
D:8:      serial_shops, nicolae_shop_window_shopping, shop, nicolae_shop_stone,
          nicolae_shop_statue_plus, grunt_dithmenos_smoke
D:9:      kennysheep_mini_moat, vehumet_statue, minmay_lair_entry_lava,
          orc_0_dummy, uniq_psyche
Temple:   eino_temple_scatter_basement

Skill      XL: |  1  2  3  4  5  6  7  8  9 10 |
---------------+-------------------------------+-----
Long Blades    | 3 4 5 6 7 9 11 | 11.7
Dodging        | 1 2 3 4 5 7 |  7.5
Armour         | 4 5 6 7 8 9 |  9.1
Fighting       | 4 5 6 7 8 9 |  9.1
Shields        | |  3.6

Action                   |  1- 3 |  4- 6 |  7- 9 | 10-12 || total
-------------------------+-------+-------+-------+-------++-------
Melee: Long sword        |   112 |   100 |   317 |   139 ||   668
       Headbutt          |    17 |    25 |   100 |    38 ||   180
Invok: Sacrifice Health  |       |       |     1 |       ||     1
  Use: Scroll            |     4 |       |    15 |     2 ||    21
       Potion            |       |       |    10 |     3 ||    13
  Eat: Chunk             |     1 |     6 |    20 |     3 ||    30
Armor: Scale mail        |    58 |    26 |    95 |    68 ||   247
Dodge: Dodged            |    38 |    22 |    81 |    66 ||   207
Block: Shield            |    49 |    44 |   130 |    93 ||   316
       Rpst.: Long sword |    13 |     4 |    12 |    17 ||    46

Table legend:
 A = Spawn XP
 B = Non-spawn XP
 C = Spawn XP percentage of total XP
 D = Spawn monster count
 E = Non-spawn monster count
 F = Spawn count percentage of total count
 G = Total turns spent on level
                    A         B        C        D         E        F      G
               +---------+---------+-------+---------+---------+-------+---------
         Total |       0 |    7675 |   0.0 |       0 |     209 |   0.0 |  8108
               +---------+---------+-------+---------+---------+-------+---------
           D:1 |       0 |      32 |   0.0 |       0 |      18 |   0.0 |   558
           D:2 |       0 |      35 |   0.0 |       0 |      16 |   0.0 |   827
           D:3 |       0 |      97 |   0.0 |       0 |      23 |   0.0 |  1154
           D:4 |       0 |     424 |   0.0 |       0 |      15 |   0.0 |  1075
           D:5 |       0 |    1224 |   0.0 |       0 |      25 |   0.0 |   875
           D:6 |       0 |     713 |   0.0 |       0 |      28 |   0.0 |   868
           D:7 |       0 |    2150 |   0.0 |       0 |      38 |   0.0 |   978
           D:8 |       0 |    2131 |   0.0 |       0 |      37 |   0.0 |   989
           D:9 |       0 |     869 |   0.0 |       0 |       9 |   0.0 |   503
               +---------+---------+-------+---------+---------+-------+---------
